 Dungeon Crawl Stone Soup version 0.22.0-5-gf09313c (webtiles) character file.

46 Lew the Sneak (level 3, -6/24 HPs)
             Began as an Octopode Assassin on Aug 13, 2018.
             Mangled by a gnoll
             ... wielding a +0 halberd
              (9 damage)
             ... on level 2 of the Dungeon.
             The game lasted 00:02:43 (814 turns).

Lew the Sneak (Octopode Assassin)                    Turns: 814, Time: 00:02:44

Health: -6/24      AC:  2    Str: 10      XL:     3   Next: 66%
Magic:  3/3        EV: 13    Int: 13      God:
Gold:   118        SH:  0    Dex: 13 (14) Spells: 2/2 levels left

rFire    . . .     SeeInvis .   a - +2 dagger
rCold    . . .     Gourm    .   (no shield)
rNeg     . . .     Faith    .   l - +1 hat
rPois    .         Spirit   .   j - amulet of regeneration
rElec    .         Reflect  .   (no ring)
rCorr    .         Harm     .   (no ring)
MR       +....                  (no ring)
Stlth    ++++......             (no ring)
HPRegen  0.08/turn              (no ring)
MPRegen  0.08/turn              (no ring)
                                (no ring)
                                (no ring)

@: no status effects
A: almost no armour, stealthy swim, amphibious, 8 rings, constrict 8, antennae
1, camouflage 1, deterioration 1, magic resistance 1, gelatinous body 1
a: no special abilities


You were on level 2 of the Dungeon.
You were not hungry.

You visited 1 branch of the dungeon, and saw 2 of its levels.

You collected 118 gold pieces.

Inventory:

Hand Weapons
 a - a +2 dagger (weapon)
 b - a +0 blowgun
Missiles
 c - 8 poisoned needles
 d - 2 curare-tipped needles
Armour
 l - a +1 hat (worn)
Jewellery
 j - an amulet of regeneration (around mantle)
Scrolls
 g - 2 scrolls of remove curse
Potions
 e - 2 potions of flight
 k - 2 potions of curing
Comestibles
 f - 2 rations


   Skills:
 - Level 2.0 Fighting
 - Level 2.0 Short Blades
 - Level 2.0 Throwing
 - Level 1.0 Dodging
 + Level 7.3 Stealth


You had 2 spell levels left.
You didn't know any spells.
Your spell library was empty.

Dungeon Overview and Level Annotations

Branches:
Dungeon (2/15)

Altars:


Innate Abilities, Weirdness & Mutations

You cannot wear most types of armour.
You are very stealthy in the water. (Stealth+)
You are amphibious.
You can wear up to eight rings at the same time.
You can use your tentacles to constrict eight enemies at once.
Your skin changes colour to match your surroundings (Stealth+).
Your rubbery body absorbs attacks. (AC +1, EV +1)
You have a pair of small antennae on your head.
Your body sometimes deteriorates upon taking damage.
You are resistant to hostile enchantments. (MR+)


Message History

You kill the kobold!
You hear a shout!
The bat completely misses you.
A gnoll comes into view. It is wielding a club.
The gnoll throws a throwing net.
The throwing net hits you.
You become entangled in the net!
You tear a large gash into the net.
The bat hits you but does no damage.
The gnoll hits you from afar with a halberd!
* * * LOW HITPOINT WARNING * * *
The bat hits you but does no damage.
You struggle against the net.
The bat hits you but does no damage. The gnoll barely misses you.
The rat bites you.
* * * LOW HITPOINT WARNING * * *
You struggle against the net.
The bat barely misses you. The bat hits you but does no damage.
The bat hits you.
* * * LOW HITPOINT WARNING * * *
The gnoll barely misses you. The rat closely misses you.
You shred the net and break free! The bat closely misses you. x2
The gnoll hits you from afar with a halberd!
You die...

#. ...#.#..#
#..#.....(.# #######
#..#..♣.... #......
#.......).# #(#####
#.....g...########.#####
..(..gg..........(....
####♣.(r♣b#######......#
.......@..# #...##..
######...## ##.###..
#...# ######.# #..
#...####......# #..
#...>.........###..
#.#.####.#####.##..
.#########.#.# # #......
...........#.# ##.##.#
############.# #.##.#


You could see 3 gnolls, a bat and a rat.

Vanquished Creatures
  An adder (D:2)
  A worm (D:2)
  A dart slug (D:2)
  7 bats
  3 giant cockroaches
  2 goblins (D:1)
  A hobgoblin (D:2)
  3 jackals (D:1)
  6 kobolds
  A frilled lizard (D:2)
  6 rats
32 creatures vanquished.

Notes
Turn   | Place    | Note
-------+----------+-------------------------------------------
     0 | D:1      | Lew the Octopode Assassin began the quest for the Orb.
     0 | D:1      | Reached XP level 1. HP: 14/14 MP: 1/1
   139 | D:1      | Reached XP level 2. HP: 17/19 MP: 2/2
   147 | D:1      | Reached skill level 6 in Stealth
   653 | D:2      | Reached XP level 3. HP: 24/24 MP: 3/3
   756 | D:2      | Reached skill level 7 in Stealth
   793 | D:2      | Gained mutation: Your body sometimes deteriorates upon taking damage. [potion of mutation]
   793 | D:2      | Gained mutation: You are resistant to hostile enchantments. (MR+) [potion of mutation]
   793 | D:2      | Gained mutation: You have a pair of small antennae on your head. [potion of mutation]
   814 | D:2      | Mangled by a gnoll

Skill      XL: |  1  2  3 |
---------------+----------+-----
Stealth        | 6 7 |  7.3
Fighting       | |  2.0
Short Blades   | |  2.0
Throwing       | |  2.0
Dodging        | |  1.0

Action                   || total
-------------------------++-------
Melee: Dagger            ||    47
       Constrict         ||     9
       Tentacles         ||     5
  Use: Scroll            ||     6
       Potion            ||     2
 Stab: Sleeping          ||    17
Armor: Skin              ||     7
Dodge: Dodged            ||    28
